[ AOE2 MATCH · #506005102 ]
UnrankedMongols vs Mapuche
Player's team · WIN
Rival team · LOSS
[ REPLAY ANALYSIS · EXTRACTED FROM THE RECORDED GAME ]
Feudal
8:55
Castle
23:23
Imperial
—
| APM avg | 56.7 |
| APM peak | 119 |
| eAPM avg | 22.1 |
| Villagers / military | 61 / 60 |
Focus
⚔️ 52.3% · 🌾 47.7%
Archer ×30 · Steppe Lancer ×15 · Mangonel ×6 · Battering Ram ×4 · Scout Cavalry ×4 · Monk ×1
Feudal
8:20
Castle
22:13
Imperial
—
| APM avg | 45.9 |
| APM peak | 142 |
| eAPM avg | 22.6 |
| Villagers / military | 111 / 33 |
Focus
⚔️ 44.1% · 🌾 55.9%
Skirmisher ×13 · Spearman ×8 · Bolas Rider ×4 · Kona ×3 · Monk ×2 · Mangonel ×2
Match map
Initial resources + every placement click. Lines = walls · curves = elevation contours. ◆ gold · ⬟ stone · ● berries · ✦ relic · ◌ wall gap
Your base· Open — unwalled flank
Hana's base· Open — 2t gap
Smoothed initial terrain · ◌ = detected wall gap · hover for details
Inputs per minute
— 赤いドラゴン - - Hana
Build order — 赤いドラゴン
First 150 of 211 actions detected
| 0:28 | Build | Town Center |
| 0:41 | Build | Town Center |
| 1:02 | Build | House |
| 1:44 | Build | Palisade Wall |
| 1:45 | Build | Palisade Wall |
| 1:47 | Build | Palisade Wall |
| 2:09 | Queue | Villager (Male) |
| 2:09 | Queue | Villager (Male) |
| 2:10 | Queue | Villager (Male) |
| 2:29 | Build | House |
| 2:55 | Research | Loom |
| 2:59 | Build | House |
| 3:31 | Build | Lumber Camp |
| 3:33 | Queue | Villager (Male) |
| 4:03 | Queue | Villager (Male) |
| 4:04 | Queue | Villager (Male) |
| 4:52 | Queue | Villager (Male) |
| 5:16 | Build | House |
| 5:17 | Queue | Villager (Male) |
| 5:49 | Queue | Villager (Male) |
| 6:01 | Build | Mining Camp |
| 6:06 | Queue | Villager (Male) |
| 6:45 | Research | Feudal Age |
| 7:14 | Build | House |
| 7:39 | Build | House |
| 8:05 | Build | Barracks |
| 8:34 | Build | House |
| 8:41 | Queue | Villager (Male) |
| 8:55 | Age | Feudal Age |
| 9:01 | Build | Barracks |
| 9:08 | Research | Double-Bit Axe |
| 9:19 | Queue | Villager (Male) |
| 9:44 | Queue | Villager (Male) |
| 9:47 | Build | Archery Range |
| 10:03 | Build | Palisade Wall |
| 10:06 | Queue | Villager (Male) |
| 10:27 | Queue | Villager (Male) |
| 10:28 | Queue | Archer |
| 10:29 | Queue | Archer |
| 10:36 | Queue | Villager (Male) |
| 10:44 | Build | Palisade Wall |
| 11:06 | Queue | Archer |
| 11:35 | Build | House |
| 11:37 | Build | Stable |
| 11:40 | Queue | Archer |
| 11:44 | Queue | Villager (Male) |
| 11:52 | Build | House |
| 12:11 | Queue | Villager (Male) |
| 12:29 | Queue | Scout Cavalry |
| 12:33 | Queue | Archer |
| 12:34 | Build | Blacksmith |
| 12:44 | Queue | Villager (Male) |
| 13:03 | Queue | Scout Cavalry |
| 13:04 | Queue | Archer |
| 13:20 | Queue | Villager (Male) |
| 13:24 | Build | Outpost |
| 13:31 | Build | Mill |
| 13:44 | Queue | Villager (Male) |
| 14:01 | Queue | Archer |
| 14:10 | Research | Fletching |
| 14:14 | Build | Farm |
| 14:17 | Build | Farm |
| 14:18 | Build | Farm |
| 14:28 | Build | House |
| 14:41 | Queue | Archer |
| 14:41 | Queue | Archer |
| 14:42 | Queue | Archer |
| 14:52 | Build | House |
| 15:06 | Queue | Villager (Male) |
| 15:22 | Queue | Villager (Male) |
| 15:24 | Build | Archery Range |
| 15:43 | Queue | Archer |
| 15:44 | Queue | Scout Cavalry |
| 15:51 | Build | Farm |
| 15:52 | Build | Farm |
| 16:00 | Queue | Villager (Male) |
| 16:05 | Build | Lumber Camp |
| 16:52 | Queue | Archer |
| 16:54 | Queue | Archer |
| 16:54 | Queue | Archer |
| 16:55 | Queue | Archer |
| 17:02 | Queue | Villager (Male) |
| 17:04 | Build | Farm |
| 17:06 | Build | Farm |
| 17:06 | Build | Farm |
| 17:26 | Queue | Archer |
| 17:30 | Queue | Villager (Male) |
| 17:33 | Build | Farm |
| 17:45 | Queue | Archer |
| 17:47 | Build | House |
| 17:54 | Build | Market |
| 18:08 | Queue | Villager (Male) |
| 18:31 | Build | Mining Camp |
| 18:53 | Queue | Villager (Male) |
| 19:50 | Queue | Archer |
| 19:51 | Queue | Archer |
| 19:55 | Build | Farm |
| 20:43 | Research | Castle Age |
| 20:43 | Research | Castle Age |
| 21:19 | Queue | Archer |
| 21:20 | Queue | Archer |
| 21:37 | Queue | Scout Cavalry |
| 21:41 | Research | Horse Collar |
| 21:44 | Build | Farm |
| 21:44 | Build | Farm |
| 21:51 | Queue | Archer |
| 22:36 | Queue | Villager (Male) |
| 22:38 | Build | House |
| 22:39 | Build | House |
| 22:57 | Queue | Archer |
| 22:58 | Queue | Archer |
| 23:13 | Build | Farm |
| 23:15 | Build | Farm |
| 23:23 | Age | Castle Age |
| 23:27 | Research | Crossbowman (upgrade) |
| 23:43 | Research | Bodkin Arrow |
| 23:47 | Queue | Steppe Lancer |
| 23:51 | Queue | Villager (Male) |
| 23:54 | Build | Farm |
| 23:55 | Build | Farm |
| 23:56 | Build | Farm |
| 23:57 | Build | Farm |
| 24:01 | Queue | Archer |
| 24:15 | Queue | Villager (Male) |
| 24:17 | Build | Lumber Camp |
| 24:48 | Queue | Villager (Male) |
| 24:53 | Build | Siege Workshop |
| 25:08 | Queue | Archer |
| 25:08 | Queue | Archer |
| 25:16 | Queue | Archer |
| 25:16 | Queue | Villager (Male) |
| 25:20 | Queue | Steppe Lancer |
| 25:30 | Queue | Villager (Male) |
| 25:31 | Research | Bow Saw |
| 25:55 | Queue | Steppe Lancer |
| 26:01 | Queue | Villager (Male) |
| 26:08 | Build | Mining Camp |
| 26:21 | Queue | Villager (Male) |
| 26:30 | Queue | Steppe Lancer |
| 26:34 | Queue | Villager (Male) |
| 26:37 | Build | House |
| 26:40 | Build | House |
| 26:57 | Queue | Mangonel |
| 27:06 | Queue | Villager (Male) |
| 27:22 | Queue | Steppe Lancer |
| 27:22 | Queue | Steppe Lancer |
| 27:41 | Queue | Villager (Male) |
| 27:43 | Build | Monastery |
| 28:18 | Queue | Mangonel |
| 28:18 | Queue | Monk |
Build order — Hana
First 150 of 248 actions detected
| 0:30 | Build | Town Center |
| 0:50 | Build | House |
| 1:23 | Build | House |
| 1:43 | Build | Settlement |
| 1:55 | Build | Settlement |
| 2:03 | Queue | Villager (Male) |
| 2:04 | Queue | Villager (Male) |
| 2:04 | Queue | Villager (Male) |
| 2:05 | Queue | Villager (Male) |
| 2:05 | Queue | Villager (Male) |
| 2:45 | Build | House |
| 3:09 | Build | Palisade Wall |
| 3:10 | Build | Palisade Wall |
| 3:10 | Build | Palisade Wall |
| 3:11 | Build | Palisade Wall |
| 3:12 | Build | Palisade Wall |
| 3:13 | Build | Palisade Wall |
| 3:14 | Build | Palisade Wall |
| 3:15 | Build | Palisade Wall |
| 3:45 | Queue | Villager (Male) |
| 3:45 | Queue | Villager (Male) |
| 3:53 | Queue | Villager (Male) |
| 3:54 | Queue | Villager (Male) |
| 3:54 | Queue | Villager (Male) |
| 4:40 | Build | Outpost |
| 5:16 | Build | Outpost |
| 5:21 | Queue | Villager (Male) |
| 6:10 | Research | Feudal Age |
| 6:53 | Build | House |
| 7:18 | Build | House |
| 7:47 | Queue | Villager (Male) |
| 8:20 | Age | Feudal Age |
| 8:43 | Build | Palisade Gate |
| 8:51 | Queue | Villager (Male) |
| 9:02 | Queue | Villager (Male) |
| 9:07 | Build | Outpost |
| 9:16 | Research | Town Watch |
| 9:33 | Build | Market |
| 9:37 | Research | Loom |
| 9:55 | Queue | Villager (Male) |
| 10:00 | Build | Blacksmith |
| 10:18 | Queue | Skirmisher |
| 10:19 | Queue | Skirmisher |
| 10:28 | Queue | Villager (Male) |
| 10:34 | Build | House |
| 10:43 | Queue | Villager (Male) |
| 10:49 | Queue | Skirmisher |
| 10:54 | Research | Double-Bit Axe |
| 11:28 | Queue | Villager (Male) |
| 11:54 | Queue | Villager (Male) |
| 12:01 | Queue | Skirmisher |
| 12:15 | Build | Settlement |
| 12:21 | Queue | Villager (Male) |
| 12:33 | Build | House |
| 12:37 | Build | Palisade Wall |
| 12:38 | Build | Palisade Wall |
| 12:39 | Build | Palisade Wall |
| 12:41 | Build | House |
| 12:48 | Build | Palisade Wall |
| 12:49 | Build | Palisade Wall |
| 12:54 | Queue | Villager (Male) |
| 12:56 | Queue | Skirmisher |
| 13:00 | Research | Fletching |
| 13:15 | Build | Palisade Wall |
| 13:42 | Research | Padded Archer Armor |
| 13:46 | Queue | Villager (Male) |
| 14:06 | Research | Horse Collar |
| 14:12 | Build | Farm |
| 14:14 | Build | Farm |
| 14:15 | Build | Farm |
| 14:20 | Queue | Villager (Male) |
| 14:31 | Queue | Spearman |
| 14:32 | Queue | Spearman |
| 15:25 | Queue | Villager (Male) |
| 15:28 | Build | Farm |
| 15:29 | Build | Farm |
| 15:45 | Queue | Skirmisher |
| 15:45 | Queue | Skirmisher |
| 15:46 | Queue | Villager (Male) |
| 15:50 | Build | Farm |
| 15:51 | Build | Farm |
| 16:06 | Build | House |
| 16:54 | Queue | Skirmisher |
| 16:54 | Queue | Skirmisher |
| 16:57 | Build | Palisade Wall |
| 17:08 | Build | Palisade Wall |
| 17:11 | Build | House |
| 17:13 | Queue | Villager (Male) |
| 17:26 | Build | Market |
| 17:30 | Queue | Spearman |
| 17:37 | Queue | Spearman |
| 17:41 | Queue | Villager (Male) |
| 17:45 | Build | Farm |
| 17:52 | Queue | Villager (Male) |
| 18:43 | Build | Palisade Wall |
| 18:46 | Queue | Spearman |
| 18:46 | Queue | Spearman |
| 18:56 | Queue | Villager (Male) |
| 19:33 | Research | Castle Age |
| 20:10 | Build | Barracks |
| 20:39 | Queue | Skirmisher |
| 20:39 | Queue | Skirmisher |
| 20:39 | Queue | Skirmisher |
| 21:20 | Queue | Spearman |
| 21:20 | Queue | Spearman |
| 22:02 | Queue | Skirmisher |
| 22:13 | Age | Castle Age |
| 22:15 | Build | Archery Range |
| 22:21 | Queue | Villager (Male) |
| 22:32 | Build | Archery Range |
| 22:41 | Build | Farm |
| 22:43 | Build | Farm |
| 22:45 | Build | Farm |
| 22:48 | Build | Farm |
| 23:19 | Build | Town Center |
| 23:42 | Build | Siege Workshop |
| 23:59 | Queue | Villager (Male) |
| 24:19 | Queue | Mangonel |
| 24:30 | Queue | Villager (Male) |
| 24:48 | Queue | Battering Ram |
| 24:59 | Build | House |
| 25:01 | Build | House |
| 25:19 | Queue | Villager (Male) |
| 25:19 | Queue | Villager (Male) |
| 25:25 | Queue | Mangonel |
| 25:40 | Queue | Villager (Male) |
| 25:46 | Build | Town Center |
| 25:52 | Build | House |
| 25:56 | Queue | Villager (Male) |
| 25:56 | Queue | Villager (Male) |
| 26:22 | Queue | Villager (Male) |
| 26:28 | Build | Farm |
| 26:37 | Build | Farm |
| 26:40 | Queue | Villager (Male) |
| 26:44 | Queue | Villager (Male) |
| 26:48 | Queue | Villager (Male) |
| 26:48 | Queue | Villager (Male) |
| 26:56 | Build | Outpost |
| 27:03 | Build | Farm |
| 27:14 | Build | Farm |
| 27:18 | Queue | Villager (Male) |
| 27:22 | Queue | Villager (Male) |
| 27:43 | Queue | Villager (Male) |
| 27:43 | Queue | Villager (Male) |
| 27:50 | Queue | Villager (Male) |
| 27:51 | Queue | Villager (Male) |
| 27:51 | Queue | Villager (Male) |
| 27:54 | Build | Farm |
| 27:55 | Build | Farm |
| 28:05 | Queue | Villager (Male) |
Match timeline
| 1:44 | 赤いドラゴン · wall_segment Palisade Wall x1 |
| 1:45 | 赤いドラゴン · wall_segment Palisade Wall x1 |
| 1:47 | 赤いドラゴン · wall_segment Palisade Wall x1 |
| 3:09 | Hana · wall_segment Palisade Wall x1 |
| 3:10 | Hana · wall_segment Palisade Wall x1 |
| 3:10 | Hana · wall_segment Palisade Wall x1 |
| 3:11 | Hana · wall_segment Palisade Wall x1 |
| 3:12 | Hana · wall_segment Palisade Wall x1 |
| 3:13 | Hana · wall_segment Palisade Wall x1 |
| 3:14 | Hana · wall_segment Palisade Wall x1 |
| 3:15 | Hana · wall_segment Palisade Wall x1 |
| 8:05 | 赤いドラゴン · first_building Barracks |
| 8:20 | Hana · age_up feudal |
| 8:55 | 赤いドラゴン · age_up feudal |
| 9:47 | 赤いドラゴン · first_building Archery Range |
| 10:03 | 赤いドラゴン · wall_segment Palisade Wall x5 |
| 10:44 | 赤いドラゴン · wall_segment Palisade Wall x1 |
| 11:37 | 赤いドラゴン · first_building Stable |
| 12:37 | Hana · wall_segment Palisade Wall x1 |
| 12:38 | Hana · wall_segment Palisade Wall x1 |
| 12:39 | Hana · wall_segment Palisade Wall x1 |
| 12:48 | Hana · wall_segment Palisade Wall x1 |
| 12:49 | Hana · wall_segment Palisade Wall x1 |
| 13:15 | Hana · wall_segment Palisade Wall x1 |
| 16:57 | Hana · wall_segment Palisade Wall x1 |
| 17:08 | Hana · wall_segment Palisade Wall x1 |
| 18:43 | Hana · wall_segment Palisade Wall x1 |
| 18:54 | 赤いドラゴン · first_market_buy 100 food |
| 18:56 | 赤いドラゴン · first_market_sell 100 wood |
| 18:58 | Hana · first_market_buy 100 food |
| 19:01 | Hana · first_market_sell 500 wood |
| 20:10 | Hana · first_building Barracks |
| 22:13 | Hana · age_up castle |
| 22:15 | Hana · first_building Archery Range |
| 23:23 | 赤いドラゴン · age_up castle |
| 23:42 | Hana · first_building Siege Workshop |
| 24:53 | 赤いドラゴン · first_building Siege Workshop |
| 27:43 | 赤いドラゴン · first_building Monastery |
| 28:55 | Hana · first_building Monastery |
| 32:37 | Hana · first_building Castle |
| 36:54 | Hana · resign |
[ AI ANALYSIS · 1 CREDIT ]
What really happened in this match?
Wolo.gg analyzes every decision: build order, eco, micro, common mistakes by bracket. Personalized analysis on WhatsApp or Discord in 30 seconds.
Civ guide
Mongols
Perfil
Jugador #10421094